 Seeded DCSS version 0.29-a0-1009-g60c99734e7 (webtiles) character file.

Game seed: 11654901422049846845 (custom seed)

15 flotson the Sneak (level 2, 0/24 HPs)
             Began as a Demonspawn Delver on Aug 8, 2022.
             Slain by a kobold brigand
             ... wielding a +0 dagger
              (3 damage)
             ... on level 4 of the Dungeon.
             The game lasted 00:01:44 (569 turns).

flotson the Sneak (Demonspawn Delver)                Turns: 569, Time: 00:01:44

Health: 0/24       AC:  5    Str: 11 (12) XL:     2   Next: 34%
Magic:  2/2        EV: 10    Int: 10 (11) God:
Gold:   16         SH:  0    Dex: 12 (14) Spells: 1/1 levels left

rFire   . . .      SeeInvis .   a - +0 spear
rCold   . . .      Faith    .   (no shield)
rNeg    . . .      Spirit   .   l - +0 ring mail
rPois   .          Reflect  .   (no helmet)
rElec   .          Harm     .   (no cloak)
rCorr   .          Rampage  .   (no gloves)
Will    .....                   (no boots)
Stlth   ++........              (no amulet)
HPRegen 0.08/turn               (no ring)
MPRegen 0.08/turn               (no ring)

@: no status effects
A: demonic magic 1
a: no special abilities


You were on level 4 of the Dungeon.
You visited 1 branch of the dungeon, and saw 2 of its levels.

You collected 16 gold pieces.

Inventory:

Hand Weapons
 a - a +0 spear (weapon)
Armour
 l - a +0 ring mail (worn)
Jewellery
 h - a +4 ring of evasion
Wands
 g - a wand of digging (2)
Scrolls
 c - a scroll of fog
 d - a scroll of magic mapping
 e - a scroll of fear
 i - 2 scrolls of noise {unknown}
 k - a scroll of identify {unknown}
 n - a scroll of enchant weapon {unknown}
Potions
 f - a potion of flight {unknown}
 j - a potion of heal wounds {unknown}
 m - a potion of curing {unknown}


   Skills:
 + Level 3.2 Fighting
 - Level 1.7 Polearms
 + Level 0.6 Armour
 + Level 2.0 Dodging
 - Level 4.5 Stealth
 + Level 0.8 Evocations


You had one spell level left.
You didn't know any spells.
Your spell library was empty.

Dungeon Overview and Level Annotations

Branches:
Dungeon (5/15)
 Temple: D:4-7

Altars:
Kikubaaqudgha

Annotations:
D:4 Eustachio


Innate Abilities, Weirdness & Mutations

Spells you cast may paralyse adjacent enemies.


Message History

The kobold hits the bush but does no damage.
You hit the kobold brigand but do no damage.
The kobold brigand is moderately wounded.
The kobold brigand hits you with a +0 dagger.
The kobold completely misses the bush.
You hit the kobold brigand but do no damage.
The kobold brigand is moderately wounded.
The kobold brigand hits you but does no damage.
The kobold hits the bush with a +0 vampiric dagger.
You closely miss the kobold brigand.
The kobold brigand is moderately wounded.
The kobold brigand closely misses you.
The kobold hits the bush but does no damage.
You hit the kobold brigand.
The kobold brigand is heavily wounded.
The kobold brigand hits you with a +0 dagger.
The kobold hits the bush but does no damage.
You hit the kobold brigand.
The kobold brigand is heavily wounded.
You hear a splashing noise.
The kobold completely misses the bush.
The kobold brigand closely misses you.
You closely miss the kobold brigand.
The kobold brigand is heavily wounded.
The kobold brigand hits you but does no damage.
The kobold hits the bush but does no damage.
You hit the kobold brigand but do no damage.
The kobold brigand is heavily wounded.
You hear a splashing noise.
The kobold brigand hits you but does no damage.
The kobold hits the bush but does no damage.
You hit the kobold brigand.
The kobold brigand is heavily wounded.
The kobold brigand hits you with a +0 dagger.
* * * LOW HITPOINT WARNING * * *
The kobold hits the bush but does no damage.
It was a potion of degeneration.
There was something very wrong with that liquid.
You feel weakened.
You feel dopey.
You feel clumsy.
The kobold brigand hits you with a +0 dagger.
You die...

*,* ##..# #....##....#.#
*,* #..###.##.#.....#.#
*,* #......#..........#
*,* #.###....#........#
*,* #.###...†.........# *
*,* #.........#.......# *
*,* #####.....##....#.# *
*,* #.#.###.#.....# * *,*
#@##...####.### *
*,*******##K#####..÷.# *
*****,,**,**,*♣PK#**######
***,,,,****,P..~K#...P♣
,,,,**,****P....KP...P♣**
******,,,*,.....÷÷#..PPP*
,,,,,,,,,,,?÷.§...#...P♣*
**********,.......#..#P♣ *
*,#.....PP###♣♣


You could see a kobold brigand and a kobold.

Vanquished Creatures
  An ufetubus (D:4)
  2 ball pythons (D:4)
  A giant cockroach (D:4)
  2 jackals (D:5)
  A quokka (D:4)
  2 frilled lizards (D:4)
  A rat (D:4)
10 creatures vanquished.

Vanquished Creatures (others)
  6 plants (D:4)
6 creatures vanquished.

Grand Total: 16 creatures vanquished

Notes
Turn   | Place    | Note
-------+----------+-------------------------------------------
     0 | D:5      | flotson the Demonspawn Delver began the quest for the Orb.
     0 | D:5      | Reached XP level 1. HP: 18/18 MP: 1/1
   154 | D:4      | Noticed Eustachio
   229 | D:4      | Gained mutation: Spells you cast may paralyse adjacent
                  | enemies. [demonic ancestry]
   229 | D:4      | Reached XP level 2. HP: 7/24 MP: 2/2
   502 | D:4      | Found an ancient bone altar of Kikubaaqudgha.
   504 | D:4      | Noticed a scorpion
   525 | D:4      | Noticed a kobold brigand
   569 | D:4      | Slain by a kobold brigand

Illustrated notes

Levels and vault maps discovered:
D:4:      layout_loops_ring, mainiacjoe_overflow_paths,
          mainiacjoe_overflow_cross_hatched, lexackson_kobold_supper,
          uniq_eustachio
D:5:      layout_basic, minmay_temple_entry_poolview, serial_corexii_hall,
          corexii_hall_statues_i, corexii_hall_statues_deadend

Skill      XL: |  1 |
---------------+----+-----
Dodging        | 2 |  2.0
Fighting       | |  3.2
Polearms       | |  1.7
Armour         | |  0.6
Stealth        | |  4.5
Evocations     | |  0.8

Action                   || total
-------------------------++-------
Melee: Spear             ||    68
Evoke: Wand              ||     1
  Use: Potion            ||     2
       Scroll            ||     1
 Stab: Sleeping          ||     2
Armor: Ring mail         ||    24
Dodge: Dodged            ||    42

Table legend: (Time is in decaauts)
 A = Elapsed time spent in this place.
 B = Non-inter-level travel time spent in this place.
 C = Inter-level travel time spent in this place.
 D = Time resting spent in this place.
 E = Time spent auto-exploring this place.
 F = Levels seen in this place.
 G = Mean time per level.
                   A        B        C        D        E       F      G
               +--------+--------+--------+--------+--------+-----+--------+
         Total |    555 |    555 |      0 |      0 |    393 |   2 |  277.5 |
       Dungeon |    555 |    555 |      0 |      0 |    393 |   2 |  277.5 |
               +--------+--------+--------+--------+--------+-----+--------+

Top non-repeatable levels by time:
     D:4: 401 daAuts
     D:5: 154 daAuts
